% Time on Ice - PHOENIX MUSTANGS
Lines # - Real PCT - Wanted PCT - Time Play
Normal Forward
1 - 35% - 36% - 16:32
2 - 31% - 31% - 14:38
3 - 22% - 25% - 10:09
4 - 12% - 8% - 5:44
Normal Defense
1 - 32% - 36% - 15:05
2 - 33% - 31% - 15:36
3 - 28% - 23% - 13:17
4 - 7% - 10% - 3:05
PP Forward
1 - 41% - 60% - 1:38
2 - 59% - 40% - 2:20
PP Defense
1 - 41% - 55% - 1:38
2 - 59% - 45% - 2:20
PK Forward
1 - 66% - 55% - 4:02
2 - 34% - 45% - 2:05
PK Defense
1 - 63% - 55% - 3:50
2 - 37% - 45% - 2:17
PK3 Forward
1 - 0% - 55%
2 - 0% - 45%
PK3 Defense
1 - 0% - 55%
2 - 0% - 45%
44 Forward
1 - 86% - 55% - 1:42
2 - 14% - 45% - 0:17
44 Defense
1 - 60% - 55% - 1:11
2 - 40% - 45% - 0:48
Last Minute Offensive  - 0:00
Last Minute Defensive  - 0:53
Total
Forward - 60:00
Defense - 60:00
% Time on Ice - CALGARY FIREMEN
Lines # - Real PCT - Wanted PCT - Time Play
Normal Forward
1 - 34% - 32% - 15:53
2 - 29% - 30% - 13:51
3 - 26% - 25% - 12:06
4 - 12% - 13% - 5:29
Normal Defense
1 - 30% - 32% - 14:13
2 - 30% - 30% - 14:16
3 - 32% - 25% - 15:20
4 - 7% - 13% - 3:30
PP Forward
1 - 41% - 50% - 2:29
2 - 59% - 50% - 3:38
PP Defense
1 - 58% - 50% - 3:34
2 - 42% - 50% - 2:33
PK Forward
1 - 54% - 50% - 2:08
2 - 46% - 50% - 1:50
PK Defense
1 - 50% - 50% - 2:00
2 - 50% - 50% - 1:58
PK3 Forward
1 - 0% - 50%
2 - 0% - 50%
PK3 Defense
1 - 0% - 50%
2 - 0% - 50%
44 Forward
1 - 61% - 50% - 1:13
2 - 39% - 50% - 0:46
44 Defense
1 - 59% - 50% - 1:10
2 - 41% - 50% - 0:49
Last Minute Offensive  - 0:37
Last Minute Defensive  - 0:00
Total
Forward - 60:00
Defense - 60:00
Play-by-Play 1st period 0:01 of 1st period - Adam Henrique wins face-off versus Andrew Copp in neutral zone. 0:25 of 1st period - Shot by Filip Forsberg. 0:25 of 1st period - Shot Blocked by Jay Bouwmeester. 0:28 of 1st period - Icing by Jay Bouwmeester. 0:29 of 1st period - Ryan Johansen wins face-off versus Andrew Copp in PHOENIX MUSTANGS zone. 0:38 of 1st period - Shot by Brendan Gallagher. 0:38 of 1st period - Stopped by Corey Crawford without a rebound. 0:39 of 1st period - Kevin Hayes wins face-off versus Frans Nielsen in PHOENIX MUSTANGS zone. 0:39 of 1st period - Kevin Hayes is hit by Yakov Trenin. 0:42 of 1st period - Clayton Keller is hit by Yakov Trenin. 1:03 of 1st period - Kevin Hayes is hit by Brent Seabrook and loses puck. 1:10 of 1st period - Shot by Kevin Hayes. 1:10 of 1st period - Stopped by Vitek Vanecek without a rebound. 1:11 of 1st period - Ryan Johansen wins face-off versus Christian Dvorak in CALGARY FIREMEN zone. 2:33 of 1st period - Shot by Brett Howden. 2:33 of 1st period - Shot Blocked by Alexander Steen. 2:43 of 1st period - Christian Dvorak is hit by Brett Howden and loses puck. 3:18 of 1st period - Shot by Adam Henrique. 3:18 of 1st period - Shot Blocked by Andrew Copp. 3:33 of 1st period - Shot by T.J. Oshie. 3:33 of 1st period - Shot Misses the Net. 4:03 of 1st period - Viktor Arvidsson is hit by Teuvo Teravainen and loses puck. 4:25 of 1st period - Kevin Hayes is hit by Viktor Arvidsson and loses puck. 4:42 of 1st period - Shot by Frans Nielsen. 4:42 of 1st period - Stopped by Corey Crawford without a rebound. 4:43 of 1st period - Ryan Johansen wins face-off versus David Backes in PHOENIX MUSTANGS zone. 4:49 of 1st period - Icing by Andrew Copp. 4:50 of 1st period - Frans Nielsen wins face-off versus David Backes in PHOENIX MUSTANGS zone. 5:27 of 1st period - Shot by Sonny Milano. 5:27 of 1st period - Stopped by Corey Crawford with a rebound. 5:47 of 1st period - Shot by Jesper Fast. 5:47 of 1st period - Stopped by Vitek Vanecek without a rebound. 5:48 of 1st period - Brett Howden wins face-off versus Christian Dvorak in CALGARY FIREMEN zone. 6:05 of 1st period - Shot by Brett Howden. 6:05 of 1st period - Stopped by Corey Crawford with a rebound. 6:07 of 1st period - Shot by Sami Vatanen. 6:07 of 1st period - Stopped by Corey Crawford without a rebound. 6:08 of 1st period - Kevin Hayes wins face-off versus Ryan Johansen in PHOENIX MUSTANGS zone. 6:13 of 1st period - Brendan Gallagher is hit by Jesper Fast and loses puck. 7:16 of 1st period - Shot by T.J. Oshie. 7:16 of 1st period - Shot Misses the Net. 7:18 of 1st period - Shot by Teuvo Teravainen. 7:18 of 1st period - Stopped by Vitek Vanecek without a rebound. 7:19 of 1st period - David Backes wins face-off versus Yakov Trenin in CALGARY FIREMEN zone. 7:22 of 1st period - Shot by Alexander Steen. 7:22 of 1st period - Stopped by Vitek Vanecek with a rebound. 7:50 of 1st period - Icing by Sami Vatanen. 7:51 of 1st period - Sonny Milano wins face-off versus Andrew Copp in CALGARY FIREMEN zone. 8:28 of 1st period - Off-side. 8:29 of 1st period - Kevin Hayes wins face-off versus Adam Henrique in neutral zone. 8:36 of 1st period - Shot by Clayton Keller. 8:36 of 1st period - Shot Misses the Net. 9:00 of 1st period - Filip Forsberg is hit by Joshua Jacobs and loses puck. 9:01 of 1st period - Minor Penalty to Joshua Jacobs for Boarding. 9:02 of 1st period - Ryan Johansen wins face-off versus Teuvo Teravainen in PHOENIX MUSTANGS zone. 9:09 of 1st period - Shot by Brendan Gallagher. 9:09 of 1st period - Shot Blocked by Frederic Allard. 9:11 of 1st period - Shot by Ryan Johansen. 9:11 of 1st period - Goal by Ryan Johansen - PHOENIX MUSTANGS : 0 - CALGARY FIREMEN : 1. 9:12 of 1st period - Ryan Johansen wins face-off versus Andrew Copp in neutral zone. 9:15 of 1st period - Shot by Brendan Gallagher. 9:15 of 1st period - Deflect By Ryan Johansen. 9:15 of 1st period - Stopped by Corey Crawford without a rebound. 9:16 of 1st period - Andrew Copp wins face-off versus Adam Henrique in PHOENIX MUSTANGS zone. 9:16 of 1st period - Andrew Copp is hit by Adam Henrique. 10:10 of 1st period - Minor Penalty to Jake McCabe for Holding. 10:11 of 1st period - Kevin Hayes wins face-off versus Brett Howden in CALGARY FIREMEN zone. 11:20 of 1st period - Icing by Jesper Fast. 11:21 of 1st period - Kevin Hayes wins face-off versus Frans Nielsen in PHOENIX MUSTANGS zone. 11:25 of 1st period - Off-side. 11:26 of 1st period - Teuvo Teravainen wins face-off versus Frans Nielsen in neutral zone. 11:45 of 1st period - Shot by T.J. Oshie. 11:45 of 1st period - Shot Blocked by Sami Vatanen. 12:27 of 1st period - Shot by Brendan Gallagher. 12:27 of 1st period - Stopped by Corey Crawford without a rebound. 12:28 of 1st period - Frans Nielsen wins face-off versus Kevin Hayes in PHOENIX MUSTANGS zone. 12:34 of 1st period - Icing by Calvin De Haan. 12:35 of 1st period - Kevin Hayes wins face-off versus Brett Howden in PHOENIX MUSTANGS zone. 12:59 of 1st period - Shot by Jesper Fast. 12:59 of 1st period - Stopped by Vitek Vanecek without a rebound. 13:00 of 1st period - Ryan Johansen wins face-off versus Andrew Copp in CALGARY FIREMEN zone. 13:00 of 1st period - Ryan Johansen is hit by T.J. Oshie. 13:08 of 1st period - Shot by Ryan Johansen. 13:08 of 1st period - Shot Blocked by Teuvo Teravainen. 13:10 of 1st period - Shot by Brendan Gallagher. 13:10 of 1st period - Stopped by Corey Crawford with a rebound. 13:37 of 1st period - Shot by Brendan Gallagher. 13:37 of 1st period - Shot Misses the Net. 13:39 of 1st period - Shot by Ryan Johansen. 13:39 of 1st period - Stopped by Corey Crawford without a rebound. 13:40 of 1st period - Christian Dvorak wins face-off versus Adam Henrique in PHOENIX MUSTANGS zone. 13:40 of 1st period - Christian Dvorak is hit by Adam Henrique. 13:41 of 1st period - Minor Penalty to Filip Forsberg for Roughing. 13:42 of 1st period - Frans Nielsen wins face-off versus Kevin Hayes in CALGARY FIREMEN zone. 15:10 of 1st period - Shot by T.J. Oshie. 15:10 of 1st period - Stopped by Vitek Vanecek without a rebound. 15:11 of 1st period - Kevin Hayes wins face-off versus Brett Howden in CALGARY FIREMEN zone. 15:26 of 1st period - Shot by Alexander Steen. 15:26 of 1st period - Stopped by Vitek Vanecek without a rebound. 15:27 of 1st period - Christian Dvorak wins face-off versus Frans Nielsen in CALGARY FIREMEN zone. 15:56 of 1st period - Shot by Filip Forsberg. 15:56 of 1st period - Shot Misses the Net. 16:47 of 1st period - Minor Penalty to Kevin Hayes for Hooking. 16:48 of 1st period - Teuvo Teravainen wins face-off versus Brendan Gallagher in PHOENIX MUSTANGS zone. 16:54 of 1st period - Icing by Jake McCabe. 16:55 of 1st period - Ryan Johansen wins face-off versus Teuvo Teravainen in CALGARY FIREMEN zone. 16:59 of 1st period - Off-side. 17:00 of 1st period - Ryan Johansen wins face-off versus Teuvo Teravainen in neutral zone. 17:09 of 1st period - Shot by Brendan Gallagher. 17:09 of 1st period - Shot Misses the Net. 17:23 of 1st period - Shot by Sami Vatanen. 17:23 of 1st period - Stopped by Corey Crawford without a rebound. 17:24 of 1st period - Adam Henrique wins face-off versus Christian Dvorak in PHOENIX MUSTANGS zone. 17:39 of 1st period - Shot by Filip Forsberg. 17:39 of 1st period - Shot Blocked by Alexander Steen. 18:03 of 1st period - Shot by Filip Forsberg. 18:03 of 1st period - Stopped by Corey Crawford without a rebound. 18:04 of 1st period - Ryan Johansen wins face-off versus Teuvo Teravainen in PHOENIX MUSTANGS zone. 18:31 of 1st period - Shot by Sami Vatanen. 18:31 of 1st period - Shot Misses the Net. 18:49 of 1st period - Shot by Christian Dvorak. 18:49 of 1st period - Shot Misses the Net. Goals for this period are 0 for PHOENIX MUSTANGS vs 1 for CALGARY FIREMEN. Shots for this period are 7 for PHOENIX MUSTANGS vs 12 for CALGARY FIREMEN. 2nd period 0:01 of 2nd period - Andrew Copp wins face-off versus Ryan Johansen in neutral zone. 0:32 of 2nd period - Brendan Gallagher is hit by Jeremy Lauzon and loses puck. 0:36 of 2nd period - Oskar Lindblom is hit by Jeremy Lauzon and loses puck. 0:39 of 2nd period - Shot by Brendan Gallagher. 0:39 of 2nd period - Deflect By Ryan Johansen. 0:39 of 2nd period - Shot Misses the Net. 0:55 of 2nd period - Shot by Christian Dvorak. 0:55 of 2nd period - Shot Misses the Net. 0:59 of 2nd period - Shot by Alexander Steen. 0:59 of 2nd period - Stopped by Vitek Vanecek without a rebound. 1:00 of 2nd period - Kevin Hayes wins face-off versus Sonny Milano in CALGARY FIREMEN zone. 1:15 of 2nd period - Shot by Jake McCabe. 1:15 of 2nd period - Shot Misses the Net. 1:23 of 2nd period - Markus Nutivaara is hit by Jesper Fast and loses puck. 1:30 of 2nd period - Shot by Kevin Hayes. 1:30 of 2nd period - Stopped by Vitek Vanecek without a rebound. 1:31 of 2nd period - Adam Henrique wins face-off versus Christian Dvorak in CALGARY FIREMEN zone. 2:00 of 2nd period - Shot by Filip Forsberg. 2:00 of 2nd period - Stopped by Corey Crawford with a rebound. 2:02 of 2nd period - Shot by Adam Henrique. 2:02 of 2nd period - Stopped by Corey Crawford without a rebound. 2:03 of 2nd period - Ryan Johansen wins face-off versus Andrew Copp in PHOENIX MUSTANGS zone. 2:07 of 2nd period - Brendan Gallagher is hit by Jeremy Lauzon and loses puck. 2:18 of 2nd period - Shot by Brendan Gallagher. 2:18 of 2nd period - Shot Blocked by Jay Bouwmeester. 2:21 of 2nd period - Brendan Gallagher is hit by Jeremy Lauzon and loses puck. 2:36 of 2nd period - Shot by T.J. Oshie. 2:36 of 2nd period - Shot Blocked by Jake McCabe. 3:36 of 2nd period - Adam Henrique is hit by Jeremy Lauzon and loses puck. 4:20 of 2nd period - Shot by Yakov Trenin. 4:20 of 2nd period - Stopped by Corey Crawford without a rebound. 4:21 of 2nd period - Ryan Johansen wins face-off versus Christian Dvorak in PHOENIX MUSTANGS zone. 4:33 of 2nd period - Ryan Johansen is hit by Calvin De Haan and loses puck. 4:43 of 2nd period - Shot by Ryan Johansen. 4:43 of 2nd period - Shot Misses the Net. 4:45 of 2nd period - Shot by Ryan Johansen. 4:45 of 2nd period - Deflect By Brendan Gallagher. 4:45 of 2nd period - Stopped by Corey Crawford without a rebound. 4:46 of 2nd period - Brett Howden wins face-off versus Kevin Hayes in PHOENIX MUSTANGS zone. 5:21 of 2nd period - Shot by Jesper Fast. 5:21 of 2nd period - Shot Misses the Net. 5:23 of 2nd period - Shot by Kevin Hayes. 5:23 of 2nd period - Shot Misses the Net. 5:47 of 2nd period - Shot by Alexander Steen. 5:47 of 2nd period - Stopped by Vitek Vanecek without a rebound. 5:48 of 2nd period - David Backes wins face-off versus Adam Henrique in CALGARY FIREMEN zone. 6:09 of 2nd period - Filip Forsberg is hit by David Backes and loses puck. 6:27 of 2nd period - Shot by Adam Henrique. 6:27 of 2nd period - Stopped by Corey Crawford without a rebound. 6:28 of 2nd period - Frans Nielsen wins face-off versus Kevin Hayes in PHOENIX MUSTANGS zone. 6:31 of 2nd period - Shot by Yakov Trenin. 6:31 of 2nd period - Deflect By Sonny Milano. 6:31 of 2nd period - Stopped by Corey Crawford without a rebound. 6:32 of 2nd period - Kevin Hayes wins face-off versus Yakov Trenin in PHOENIX MUSTANGS zone. 6:41 of 2nd period - Shot by Jesper Fast. 6:41 of 2nd period - Stopped by Vitek Vanecek without a rebound. 6:42 of 2nd period - Kevin Hayes wins face-off versus Ryan Johansen in CALGARY FIREMEN zone. 6:47 of 2nd period - Shot by Clayton Keller. 6:47 of 2nd period - Stopped by Vitek Vanecek without a rebound. 6:48 of 2nd period - Ryan Johansen wins face-off versus Andrew Copp in CALGARY FIREMEN zone. 7:25 of 2nd period - Shot by Brendan Gallagher. 7:25 of 2nd period - Shot Misses the Net. 7:27 of 2nd period - Shot by Oskar Lindblom. 7:27 of 2nd period - Shot Misses the Net. 7:29 of 2nd period - Shot by Oskar Lindblom. 7:29 of 2nd period - Shot Misses the Net. 8:55 of 2nd period - Shot by Viktor Arvidsson. 8:55 of 2nd period - Shot Misses the Net. 9:17 of 2nd period - Shot